Map: Crête de Lerilak

Players

ShottyMonsta

  • Race: Protoss Protoss
  • Spawn Location: 1:00

zidar - Winner!

  • Race: Zerg Zerg
  • League: Silver
  • Spawn Location: 11:00

VOD

Have the link to the VOD?

Description

Time

  • Played on: Jan. 13, 2016, 10:32 a.m.
  • Length: 17:01
Show
View Real Time Build Order
Export as new Build Order

ShottyMonsta Protoss 

Build Orders: 1 Gate Expand 

Get SALT Encoding   

  12  0:01  Probe (Chrono Boost)  
  13  0:14  Pylon  
  13  0:18  Probe (Chrono Boost)  
  14  0:33  Gateway  
  14  0:36  Probe (Chrono Boost)  
  15  0:44  Assimilator  
  15  0:46  Probe (Chrono Boost)  
  17  0:57  Probe (Chrono Boost)  
  17  1:07  Probe (Chrono Boost)  
  18  1:18  Probe (Chrono Boost)  
  19  1:20  Cybernetics Core  
  19  1:40  Nexus  
  19  1:47  Probe (Chrono Boost)  
  20  1:55  Forge  
  20  1:58  Warp Gate (Chrono Boost)  
  20  2:07  Pylon  
  20  2:14  Stalker  
  22  2:17  Probe  
  23  2:33  Probe  
  23  2:34  Protoss Ground Weapons Level 1 (Chrono Boost)  
  24  2:42  Gateway  
  24  2:45  Probe  
  24  2:50  Probe  
  25  2:57  Probe  
  27  3:00  Probe  
  27  3:01  Gateway  
  28  3:22  Pylon  
  28  3:25  Robotics Facility  
  28  3:29  Photon Cannon  
  28  3:33  Assimilator  
  28  3:43  Mothership Core  
  30  3:56  Gateway  
  29  4:14  Immortal (Chrono Boost)  
  33  4:25  Assimilator  
  33  4:27  Zealot x3  
  39  4:37  Probe x2 (Chrono Boost)  
  41  4:45  Pylon  
  41  4:48  Probe x2 (Chrono Boost)  
  41  4:51  Immortal  
  47  4:56  Pylon  
  47  5:05  Zealot  
  47  5:06  Zealot x2  
  47  5:28  Probe (Chrono Boost)  
  47  5:29  Probe (Chrono Boost)  
  43  5:39  Probe x2 (Chrono Boost)  
  45  5:42  Zealot  
  49  5:50  Probe x2 (Chrono Boost)  
  49  5:56  Zealot  
  51  6:00  Probe (Chrono Boost)  
  51  6:02  Probe (Chrono Boost)  
  53  6:11  Probe (Chrono Boost)  
  54  6:21  Protoss Ground Armor Level 1 (Chrono Boost)  
  54  6:28  Probe (Chrono Boost)  
  54  6:29  Probe (Chrono Boost)  
  56  6:38  Probe (Chrono Boost)  
  57  6:40  Probe (Chrono Boost)  
  58  6:52  Probe x2 (Chrono Boost)  
  60  6:55  Stalker  
  60  6:56  Stalker x3  
  68  7:02  Probe (Chrono Boost)  
  68  7:04  Probe (Chrono Boost)  
  70  7:11  Pylon  
  70  7:17  Pylon  
  70  7:21  Nexus  
  71  7:31  Probe (Chrono Boost)  
  71  7:38  Stalker x4  
  71  7:42  Warp Prism  
  81  7:44  Probe (Chrono Boost)  
  81  7:48  Probe (Chrono Boost)  
  83  7:55  Probe (Chrono Boost)  
  83  7:57  Assimilator  
  84  8:00  Probe (Chrono Boost)  
  85  8:06  Probe (Chrono Boost)  
  86  8:13  Gateway  
  86  8:19  Robotics Facility  
  86  8:33  Probe (Chrono Boost)  
  88  8:34  Probe (Chrono Boost)  
  88  8:45  Zealot  
  88  8:46  Probe (Chrono Boost), Stalker x2  
  88  8:47  Stalker  
  97  8:50  Immortal (Chrono Boost)  
  101  8:59  Twilight Council  
  101  9:01  Photon Cannon  
  101  9:05  Photon Cannon  
  101  9:20  Pylon  
  101  9:28  Pylon  
  101  9:36  Probe  
  101  9:38  Probe x2  
  109  9:39  Observer (Chrono Boost), Immortal (Chrono Boost)  
  109  9:46  Pylon  
  109  9:47  Probe  
  109  9:50  Probe x2, Photon Cannon  
  112  9:52  Sentry  
  112  9:53  Sentry  
  112  9:55  Photon Cannon  
  112  9:58  Probe  
  117  10:01  Photon Cannon  
  117  10:04  Probe  
  117  10:05  Pylon  
  118  10:15  Stalker x2  
  118  10:16  Stalker  
  124  10:27  Pylon  
  118  10:50  Stalker x2  
  118  10:51  Stalker  
  118  10:53  Stalker  
  118  10:54  Stalker  
  126  11:03  Probe x2  
  126  11:05  Probe  
  129  11:11  Charge (Chrono Boost)  
  129  11:14  Probe x2  
  129  11:15  Zealot  
  133  11:21  Pylon  
  133  11:23  Pylon  
  133  11:25  Pylon  
  133  11:28  Protoss Ground Weapons Level 2 (Chrono Boost)  
  133  11:37  Probe  
  133  11:39  Probe x2  
  136  11:48  Probe  
  136  11:51  Probe x2  
  92  12:20  Zealot x4  
  92  12:21  Zealot  
  96  12:24  Immortal  
  100  12:36  Photon Cannon  
  100  12:37  Photon Cannon  
  100  12:39  Photon Cannon  
  100  12:41  Zealot x3  
  100  12:42  Zealot  
  108  12:48  Dark Shrine  
  108  12:53  Probe  
  108  12:54  Probe  
  108  12:55  Probe  
  111  13:04  Immortal  
  115  13:06  Probe  
  116  13:15  Zealot  
  116  13:16  Zealot x2  
  116  13:17  Zealot x2  
  126  13:43  Immortal  
  129  14:04  Dark Templar x3  
  129  14:05  Dark Templar x2  
  131  14:22  Immortal (Chrono Boost)  
  50  14:53  Dark Templar x3  
  50  14:54  Dark Templar x2  
  60  15:01  Immortal (Chrono Boost)  
  64  15:08  Probe  
  64  15:10  Probe x2  
  67  15:19  Probe  
  68  15:22  Probe x2  
  62  15:34  Probe  
  61  15:36  Immortal (Chrono Boost)  
  61  15:38  Probe  
  61  15:39  Probe  
  59  15:45  Zealot x3  
  59  15:46  Probe, Zealot x2  
  59  15:48  Probe  
  70  15:51  Probe  
  72  15:58  Probe  
  72  15:59  Probe  
  72  16:01  Pylon  
  72  16:03  Probe  
  75  16:10  Probe, Immortal (Chrono Boost)  
  80  16:19  Zealot x3  
  80  16:21  Sentry  
  80  16:22  Sentry  
  90  16:38  Nexus  
  90  16:46  Pylon  
  90  16:50  Pylon  
  90  16:53  Pylon  
Show
View Real Time Build Order
Export as new Build Order

zidar Zerg - Winner!

Build Orders: Pool First, Lurkers 

Get SALT Encoding   

  12  0:03  Drone  
  13  0:12  Overlord  
  13  0:19  Drone  
  14  0:30  Drone x2  
  17  0:35  Drone  
  17  0:46  Spawning Pool  
  17  0:49  Drone  
  17  1:17  Hatchery  
  16  1:25  Drone x2  
  18  1:27  Overlord  
  18  1:40  Queen  
  20  2:00  Hatchery  
  19  2:02  Drone  
  19  2:07  Extractor  
  19  2:09  Extractor  
  18  2:22  Queen  
  18  2:26  Drone x3  
  23  2:40  Drone  
  23  2:41  Drone x2  
  26  3:07  Queen  
  28  3:17  Metabolic Boost  
  28  3:28  Evolution Chamber  
  28  3:31  Zergling x8  
  28  3:32  Zergling x4  
  33  4:27  Lair  
  33  4:28  Roach Warren  
  33  4:30  Drone x10  
  42  5:06  Overlord  
  42  5:07  Overlord x2  
  37  5:36  Roach x2  
  37  5:37  Roach x10  
  60  5:52  Hydralisk Den  
  59  6:01  Ravager x3  
  62  6:13  Roach  
  62  6:14  Roach  
  62  6:17  Overlord x2  
  62  6:18  Overlord  
  66  6:25  Lurker Den  
  66  6:37  Roach x7  
  80  6:50  Extractor  
  80  6:53  Extractor  
  78  7:04  Infestation Pit  
  77  7:13  Evolution Chamber  
  76  7:18  Overseer  
  76  7:23  Ravager  
  76  7:29  Drone x11  
  88  7:33  Overseer  
  88  7:56  Drone x2  
  90  7:59  Overlord x4  
  90  8:23  Zerg Ground Armor Level 1, Zerg Melee Weapons Level 1  
  90  8:27  Drone x10  
  100  8:34  Extractor  
  100  8:39  Extractor, Pneumatized Carapace  
  98  8:51  Zergling x8  
  98  8:52  Zergling x4  
  98  8:53  Zergling x2  
  105  9:15  Overlord x3  
  105  9:20  Overlord  
  105  9:29  Hive  
  105  9:32  Drone x6  
  111  10:06  Hydralisk x9  
  119  10:08  Roach x6  
  138  10:56  Zerg Ground Armor Level 2  
  137  10:58  Zerg Melee Weapons Level 2  
  134  11:22  Hydralisk x6  
  146  11:28  Hatchery  
  146  11:29  Lurker  
  146  11:31  Overlord x3  
  98  12:28  Roach  
  98  12:29  Roach x8, Hydralisk  
  116  12:30  Hydralisk x9  
  116  12:35  Lurker  
  137  12:38  Lurker x2  
  137  12:39  Lurker x2  
  141  12:45  Drone x8  
  141  12:48  Overlord  
  141  12:49  Overlord x2  
  149  13:02  Ultralisk Cavern  
  149  13:04  Adrenal Glands  
  148  13:13  Zerg Ground Armor Level 3  
  148  13:14  Zerg Melee Weapons Level 3  
  148  13:21  Zergling x16  
  148  13:22  Zergling x2  
  148  13:23  Zergling x4  
  159  13:37  Overseer  
  159  13:38  Overseer  
  93  14:56  Ultralisk x2  
  93  14:57  Ultralisk x4  
  93  14:58  Ultralisk x3  
  93  14:59  Ultralisk  
  153  15:00  Hydralisk x6  
  153  15:05  Overlord  
  165  15:12  Chitinous Plating  
  159  15:39  Extractor  
  158  15:42  Extractor  
  158  15:45  Hatchery  
  156  15:56  Hydralisk x7  
  156  15:57  Hydralisk x3  
Tags
 
Add a new tag
Caveats
  • Supply blocks, unpowered buildings, or Contaminate may cause inaccurate times.
  • Supply counts are checked every 10 seconds.